 Dungeon Crawl Stone Soup version 0.30-a0-377-g5cb311bc9f (webtiles) character file.

Game seed: 2564584695312619496

29 greynaab the Insei (level 3, -1/23 HPs)
             Began as an Octopode Transmuter on Nov 30, 2022.
             Was a Follower of Makhleb.
             Slain by Terence
             ... wielding a +0 flail
              (8 damage)
             ... on level 2 of the Dungeon.
             The game lasted 00:03:02 (682 turns).

greynaab the Insei (Octopode Transmuter)             Turns: 682, Time: 00:03:03

Health: -1/23      AC:  1    Str:  9    XL:     3   Next: 16%
Magic:  5/6        EV: 13    Int: 23    God:    Makhleb [*.....]
Gold:   65         SH:  0    Dex: 12    Spells: 6/7 levels left

rFire   . . .      SeeInvis .      - Unarmed
rCold   . . .      Faith    .    (no shield)
rNeg    . . .      Spirit   .    (helmet currently unavailable)
rPois   .          Reflect  .    (no amulet)
rElec   .          Harm     .    c - +6 ring of intelligence
rCorr   .          Rampage  .    (no ring)
Will    .....                    (no ring)
Stlth   ++........               (no ring)
HPRegen 0.23/turn                (no ring)
MPRegen 0.10/turn                (no ring)
                                 (no ring)
                                 (no ring)

@: appendages (expiring)
A: tentacle spike 3, almost no armour, amphibious, 8 rings, camouflage 1,
gelatinous body 1, (nimble swimmer 1), tentacles
a: End Transformation, Renounce Religion


You were on level 2 of the Dungeon.
You worshipped Makhleb.
Makhleb was aware of your devotion.
One of your tentacles had grown a beastly spike.
You visited 1 branch of the dungeon, and saw 2 of its levels.

You collected 65 gold pieces.

Inventory:

Missiles
 b - 3 poisoned darts
 j - 5 boomerangs
Jewellery
 c - a +6 ring of intelligence (left tentacle)
Scrolls
 f - 2 scrolls of vulnerability {unknown}
 g - a scroll of fog {unknown}
 i - a scroll of blinking {unknown}
 k - a scroll of identify {unknown}
Potions
 a - a potion of lignification
 d - a potion of haste {unknown}
 e - a potion of cancellation {unknown}
 h - a potion of invisibility {unknown}


   Skills:
 - Level 1.0 Fighting
 - Level 2.0 Dodging
 - Level 3.0 Unarmed Combat
 + Level 2.6 Spellcasting
 + Level 2.7 Transmutations
 + Level 0.9 Invocations


You had 6 spell levels left.
You knew the following spells:

 Your Spells              Type           Power      Damage    Failure   Level
a - Beastly Appendage     Tmut           30%        N/A       4%          1

Your spell library contained the following spells:

 Spells                   Type           Power      Damage    Failure   Level
 Wereblood                Tmut           15%        N/A       6%          2
 Spider Form              Tmut/Pois      9%         N/A       21%         3
 Inner Flame              Hex/Fire       3%         N/A       36%         3
 Ice Form                 Ice/Tmut       9%         N/A       56%         4
 Cause Fear               Hex            1%         N/A       77%         4
 Discord                  Hex            1%         N/A       100%        8


Dungeon Overview and Level Annotations

Branches:
Dungeon (2/15) Zot: 11319

Altars:
Makhleb

Annotations:
D:2 Terence


Innate Abilities, Weirdness & Mutations

One of your tentacles has grown a beastly spike.
You cannot wear most types of armour.
You are amphibious.
You can wear up to eight rings at the same time.
Your skin changes colour to match your surroundings (Stealth+).
Your rubbery body absorbs attacks. (AC +1, EV +1)
((You are camouflaged when in or above water. (Stealth+)))
You have tentacles for arms and can constrict up to eight enemies at once.


Message History

No target in view!
No target in view!
Your magical contamination has completely faded away.
There is an escape hatch in the floor here.
Terence the Incautious comes into view.
He is wielding a +0 flail.
Found 13 gold pieces.
Casting: Beastly Appendage (safe; 4% risk of failure)
Press: ? - help, Q - select action, (/) - cycle Dir - look around, f - activate Look: Terence, wielding a +0 flail and wearing a +0 scale mail (asleep)
Okay, then.
You have 8 tentacles available for constriction.
Your movement speed is average.
Your attack delay is about 0.9.
Your damage rating with unarmed combat is about 5 (Base [3 + 3 (UC)] x 97% (Str) x 101% (Fight)).
Your base attributes are Str 9, Int 17, Dex 12.
Unknown command.
Okay, then.
One of your tentacles grows a vicious spike.
Your transformation is almost over.
The helpless Terence fails to defend himself.
You tentacle-slap Terence but do no damage.
You grab Terence. You squeeze Terence, but do no damage.
You constrict Terence, but do no damage.
Terence hits you with a +0 flail.
You tentacle-slap Terence.
You pierce Terence.
You tentacle-slap Terence.
Terence is moderately wounded.
You constrict Terence. Terence closely misses you.
You tentacle-slap Terence.
Terence is moderately wounded.
You constrict Terence, but do no damage.
Terence barely misses you.
You tentacle-slap Terence but do no damage.
You pierce Terence, but do no damage.
Terence is moderately wounded.
You constrict Terence, but do no damage.
Terence hits you with a +0 flail!
Ouch! That really hurt!
You tentacle-slap Terence but do no damage.
Terence is moderately wounded.
You constrict Terence. Terence hits you with a +0 flail!
You die...

.................##
###..####..........
###..####..#####.#.
..........># #.#
.....#####.# #.#
####.# #..# #.# #.#
#.## #$# #.# ##.##
#@# #<###...#####@#
#.............#
#####...#######
##.## #.# #.# #.#
#.# ..


You could see Terence.

Vanquished Creatures
  2 endoplasms (D:1)
  A giant cockroach (D:1)
  4 goblins (D:1)
  A hobgoblin (D:1)
  3 jackals (D:2)
  A quokka (D:1)
  3 ball pythons (D:1)
  5 bats (D:1)
  A frilled lizard (D:1)
  3 kobolds (D:1)
  2 rats
26 creatures vanquished.

Notes
Turn   | Place    | Note
-------+----------+-------------------------------------------
     0 | D:1      | greynaab the Octopode Transmuter began the quest for the
                  | Orb.
     0 | D:1      | Reached XP level 1. HP: 13/13 MP: 3/3
   132 | D:1      | Found a faded altar of an unknown god.
   141 | D:1      | Reached XP level 2. HP: 18/18 MP: 3/5
   150 | D:1      | Prayed at the altar of an unknown god.
   150 | D:1      | Became a worshipper of Makhleb the Destroyer
   150 | D:1      | Reached * piety under Makhleb
   524 | D:1      | Reached XP level 3. HP: 23/23 MP: 4/6
   675 | D:2      | Noticed Terence
   682 | D:2      | Slain by Terence

Illustrated notes

Levels and vault maps discovered:
D:1:      eino_arrival_water_cross, layout_rooms,
          chequers_ecumenical_altar_simple, minmay_pentomino_v4
D:2:      layout_loops_ring, uniq_terence

Action                   || total
-------------------------++-------
Melee: Unarmed           ||    44
       Tentacles         ||    10
       Constrict         ||    14
       Kick              ||    11
       Punch             ||     2
 Cast: Beastly Appendage ||    13
 Stab: Sleeping          ||     8
Armor: Skin              ||     2
Dodge: Dodged            ||    22

Table legend: (Time is in decaauts)
 A = Elapsed time spent in this place.
 B = Non-inter-level travel time spent in this place.
 C = Inter-level travel time spent in this place.
 D = Time resting spent in this place.
 E = Time spent auto-exploring this place.
 F = Levels seen in this place.
 G = Mean time per level.
                   A        B        C        D        E       F      G
               +--------+--------+--------+--------+--------+-----+--------+
         Total |    679 |    654 |     25 |      0 |    473 |   2 |  339.5 |
       Dungeon |    679 |    654 |     25 |      0 |    473 |   2 |  339.5 |
               +--------+--------+--------+--------+--------+-----+--------+

Top non-repeatable levels by time:
     D:1: 586 daAuts
     D:2: 92 daAuts
